AoeStats
← joosephy

Lombardia

508420798Analyzed
4v4 RM · 11d ago on Sep 22, 2026· 26m 51s· 8 players
Game mode
Random Map
Map size
Large (8 player)
Population
200
Speed
Normal
Resources
Standard
Victory
Conquest
Starting age
Dark Age
Ending age
Imperial Age
RankedLock teamsTeams togetherTeam positionsShared explorationLock speedFull tech treeHidden civsTurbo modeCheats
Victory
Defeat
🇨🇳 Lithuanians · China
1576
+12
🇨🇳 Malay · China
1572
+12
🇨🇳 Berbers · China
1528
+14
🇯🇵 Chinese · Japan
1493
+15
🇹🇼 Franks · Taiwan
1583
-17
🇹🇷 Huns · Türkiye
1573
-16
🇨🇳 Bulgarians · China
1395
-10
🇺🇸 Teutons · United States
1385
-10
god comic
0:26 Loom
9:16 Feudal Age
9:46 Double-Bit Axe
10:25 Double-Bit Axe
11:01 Horse Collar
19:30 Castle Age
19:32 Fletching
19:55 Bloodlines
20:17 Gold Mining
20:41 Bow Saw
20:43 Husbandry
21:40 Thumb Ring
23:54 Bodkin Arrow
26:03 Padded Archer Armor
不西西
5:57 Loom
10:45 Feudal Age
10:08 Man-at-Arms
10:48 Double-Bit Axe
14:09 Horse Collar
17:39 Wheelbarrow
17:48 Gold Mining
18:31 Town Watch
21:10 Castle Age
19:45 Scale Barding Armor
20:42 Forging
20:58 Bow Saw
23:20 Husbandry
EricLu6
8:28 Feudal Age
7:08 Loom
9:03 Double-Bit Axe
9:44 Horse Collar
14:03 Forging
15:27 Bloodlines
15:56 Scale Barding Armor
18:49 Wheelbarrow
22:23 Castle Age
21:32 Town Watch
22:35 Stone Mining
22:25 Light Cavalry
23:08 Husbandry
23:54 Chain Barding Armor
23:27 Double-Bit Axe
23:53 Gold Mining
24:37 Heavy Plow
Long-Long-Way
6:01 Loom
9:57 Feudal Age
10:29 Double-Bit Axe
20:16 Castle Age
22:12 Bow Saw
22:56 Wheelbarrow
meh
3:33 Loom
11:35 Feudal Age
15:54 Castle Age
14:15 Double-Bit Axe
14:13 Horse Collar
18:15 Loom
18:53 Fletching
joosephy
7:04 Loom
9:18 Feudal Age
9:50 Double-Bit Axe
16:43 Wheelbarrow
21:01 Castle Age
20:10 Gold Mining
20:47 Scale Barding Armor
22:58 Light Cavalry
ValerioN__
8:48 Feudal Age
9:01 Loom
9:53 Double-Bit Axe
9:48 Horse Collar
20:27 Castle Age
18:20 Gold Mining
21:26 Bow Saw
21:17 Heavy Plow
23:34 Scale Barding Armor
23:40 Forging
25:39 Husbandry
赤道大变了
6:55 Loom
9:19 Feudal Age
14:10 Scale Barding Armor
21:25 Wheelbarrow
26:32 Castle Age
Connection lost

Rejoining the realm…

Still unreachable

The connection could not be restored.

Session expired

The server has moved on; the page needs a fresh start.